 Dungeon Sprint DCSS version 0.31.0-32-g396128a36d (webtiles) character file.

Game seed: 15967723052978443571

21526 Heoruswealwe the Ninja (level 12, -8/73 HPs)
             Began as a Spriggan Brigand on Mar 21, 2024.
             Was an Initiate of Gozag.
             Mangled by a fire giant
             ... wielding a +0 great sword of flaming
              (42 damage)
             ... in the Dungeon (Sprint I: "Red Sonja") on Mar 22, 2024.
             The game lasted 00:42:47 (2804 turns).

Heoruswealwe the Ninja (Spriggan Brigand)           Turns: 2804, Time: 00:42:48

Health: -8/73      AC:  5    Str:  7    XL:     12   Next: 55%
Magic:  13/13      EV: 36    Int: 11    God:    Gozag
Gold:   1554       SH:  0    Dex: 21    Spells: 11/11 levels left

rFire   + + .        a - +7 short sword of Tortured Cruel Justice {venom, rF+}
rCold   + + .        (no shield)
rNeg    . . .        c - +2 robe {Will+}
rPois   +            (helmet restricted)
rElec   .            h - +0 cloak
rCorr   +            (gloves unavailable)
SInv    +            (boots unavailable)
Will    +++..        i - amulet of Vitality {RegenMP++ Regen++}
Stlth   ++++++++++   k - ring of Pietekaw {Fly rF+ rC++ rCorr Int-2}
HPRegen 1.92/turn    j - ring of poison resistance
MPRegen 0.93/turn

%: no teleportation
@: mighty, gold aura, flying, hasted, very quick
A: very small, no large weapons, unfitting armour, see invisible, speed 3
a: Renounce Religion, Potion Petition, Call Merchant, Bribe Branch


You were in the Dungeon.
You worshipped Gozag.
Gozag was most pleased with you.
You visited 1 branch You collected 8173 gold pieces.
You spent 6590 gold pieces at shops.
You donated 29 gold pieces to Zin.

Inventory:

Hand Weapons
 a - the +7 short sword of Tortured Cruel Justice (weapon) {venom, rF+}
   (You found it in the Dungeon)

   rF+:       It protects you from fire.
 A - the +7 hand cannon "Mule" {flame, backblast, rF+}
   (You bought it in a shop in the Dungeon)

   rF+:       It protects you from fire.
Missiles
 d - 12 poisoned darts (quivered)
 e - 6 curare-tipped darts
Armour
 c - a +2 robe of willpower (worn)
 h - a +0 cloak (worn)
Jewellery
 i - the amulet of Vitality (around neck) {RegenMP++ Regen++}
   (You bought it in a shop in the Dungeon)

   [amulet of magic regeneration]

   RegenMP:   It increases your rate of magic regeneration.
   Regen++:   It increases your rate of health regeneration.
 j - a ring of poison resistance (right hand)
 k - the ring of Pietekaw (left hand) {Fly rF+ rC++ rCorr Int-2}
   (You found it in the Dungeon)

   [ring of protection from fire]

   Int-2:     It affects your intelligence (-2).
   rF+:       It protects you from fire.
   rC++:      It greatly protects you from cold.
   Fly:       It grants you flight.
   rCorr:     It protects you from acid and corrosion.
 B - the necklace of Bloodlust {Fury *Rage Will++ Int-3 Slay+6}
   (You found it in the Dungeon)

   [amulet of nothing]

   Fury:      It extends the wearer's berserk rage when killing foes.
   Int-3:     It affects your intelligence (-3).
   Slay+6:    It affects your accuracy & damage with ranged weapons and melee
   (+6).
   Will++:    It greatly increases your willpower.
   *Rage:     It berserks you when you make melee attacks (+50% chance).
Wands
 l - a wand of quicksilver (2)
 v - a wand of paralysis (15)
 C - a wand of mindburst (5)
Scrolls
 n - 2 scrolls of brand weapon
 o - 3 scrolls of enchant armour
 s - a scroll of blinking
 t - 4 scrolls of enchant weapon
 u - a scroll of identify
 x - a scroll of silence
Potions
 f - 11 potions of curing
 g - 5 potions of heal wounds
 m - 3 potions of enlightenment
 r - 4 potions of haste
 w - 2 potions of invisibility
 y - 6 potions of mutation
 z - 6 potions of might
 D - 3 potions of cancellation
 E - a potion of resistance
Miscellaneous
 p - a phial of floods


   Skills:
 + Level 13.3 Fighting
 + Level 16.9 Short Blades
 - Level 2.0 Throwing
 + Level 19.7 Dodging
 O Level 27 Stealth
 + Level 9.7 Shapeshifting


You had 11 spell levels left.
You didn't know any spells.
Your spell library contained the following spells:

 Spells                   Type           Power      Damage    Failure   Level
 Momentum Strike          Conj/Tloc      0%         3d8       47%         2
 Static Discharge         Conj/Air       0%         3-3/arc   47%         2
 Dispel Undead            Necr           0%         3d6       98%         4
 Chain Lightning          Conj/Air       0%         N/A       100%        9


Dungeon Overview and Level Annotations

Branches:
Dungeon (1/1)

Altars:
Cheibriados
Dithmenos
Elyvilon
Fedhas
Gozag
Hepliaklqana
Kikubaaqudgha
Makhleb
Nemelex Xobeh
Okawaru
Qazlal
Ru
Sif Muna
Trog
Uskayaw
Vehumet
Wu Jian
Xom
Yredelemnul
Zin
The Shining One
Jiyva
Lugonu

Shops:
D (!!*=?[!*![!*!***[[!?


Innate Abilities, Weirdness & Mutations

You are very small and have problems with some larger weapons.
You are too small for most types of armour.
You have supernaturally acute eyesight. (SInv)
You cover ground extremely quickly. (Speed+++)


Message History

You hit the fire giant but do no damage.
The fire giant looks as sick as possible!
The fire giant is almost dead.
The fire giant hits you with a +1 great sword of flaming!
* * * LOW HITPOINT WARNING * * *
The fire giant burns you.
* * * LOW HITPOINT WARNING * * *
You feel much better.
You kill the fire giant!
Your Shapeshifting skill increases to level 9!
You puncture the fire giant!
The fire giant looks as sick as possible!
The fire giant is almost dead.
The fire giant hits you with a +2 great sword of flaming!
The fire giant burns you.
You barely miss the fire giant. You punch the fire giant!
The fire giant is almost dead.
You puncture the fire giant!
You kill the fire giant!
You puncture the fire giant!
The fire giant looks as sick as possible!
The fire giant is lightly wounded.
You puncture the fire giant!
The fire giant looks as sick as possible!
The fire giant is moderately wounded.
You hit the fire giant.
You punch the fire giant, but do no damage.
The fire giant is moderately wounded.
The fire giant barely misses you.
You impale the fire giant!!
The fire giant looks as sick as possible!
The fire giant is heavily wounded.
You hit the fire giant.
The fire giant is heavily wounded.
You completely miss the fire giant.
The fire giant is heavily wounded.
The fire giant hits you with a +0 great sword of flaming!!!
Ouch! That really hurt!
You die...
Your body crumbles into a pile of gold.

#°....#...###..###$#
###+##...#
#°....+.....##.#A#$#
#§####+#
###.°○#.....#..###$#
##+#§§..#
'.#.°.###++##.##..$#
##.§.§....
#.#○.###..###..#+###
#.§.......
#.#..####..###...#
##§§§......
#.##'#..#..#.###.#
#..........
#§##.#.........#.#
#..........
+§####..°......#@#
##.........
#.#"(+.○°...####C#
#.........
#§#####...###C...#
##........
+§#!:$#####...####
##?)?.(.#
###?.C......###
######## ?...C#####
...


C You could see a fire giant (extremely poisoned).

Vanquished Creatures
  A golden dragon (D)
  A shadow dragon (D)
  2 fire giants (D)
  A lorocyproca (D)
  A hydra (D)
  2 centaur warriors (D)
  4 demonic crawlers (D)
  Sonja (D)
  A deep troll (D)
  A lindwurm (D)
  8 shining eyes (D)
  An oklob plant (D)
  A gargoyle (D)
  7 unseen horrors (D)
  2 kobold demonologists (D)
  A hornet (D)
  7 glass eyes (D)
  A slime creature (D)
  Sigmund (D)
  A yak (D)
  2 redbacks (D)
  13 hogs (D)
  An ogre (D)
  7 necrophages (D)
  8 jellies (D)
  Ijyb (D)
  A ballistomycete spore (D)
78 creatures vanquished.

Vanquished Creatures (others)
  A ballistomycete spore (D)
1 creature vanquished.

Grand Total: 79 creatures vanquished

Notes
Turn   | Place    | Note
-------+----------+-------------------------------------------
     0 | D        | Heoruswealwe the Spriggan Brigand began the quest for the
                  | Orb.
     0 | D        | Reached XP level 1. HP: 10/10 MP: 2/2
     1 | D        | Noticed Ijyb
     4 | D        | Killed Ijyb
     5 | D        | Reached skill level 8 in Stealth
     5 | D        | Reached XP level 2. HP: 16/16 MP: 3/3
     7 | D        | Noticed an ogre
    10 | D        | Killed an ogre
    11 | D        | Reached skill level 5 in Dodging
    11 | D        | Reached skill level 10 in Stealth
    11 | D        | Reached XP level 3. HP: 20/20 MP: 4/4
    11 | D        | Reached XP level 4. HP: 25/25 MP: 5/5
    22 | D        | Noticed Sigmund
    25 | D        | Killed Sigmund
    26 | D        | Reached skill level 13 in Stealth
    26 | D        | Reached XP level 5. HP: 30/30 MP: 6/6
    37 | D        | Found an ornate altar of the Wu Jian Council.
    37 | D        | Found a shimmering blue altar of Sif Muna.
    39 | D        | Found a radiant altar of Vehumet.
    44 | D        | Reached skill level 5 in Fighting
    44 | D        | Reached XP level 6. HP: 35/35 MP: 7/7
    70 | D        | Found Hyciru's General Store.
    70 | D        | Found an ancient bone altar of Kikubaaqudgha.
    70 | D        | Found a hazy altar of Hepliaklqana.
    70 | D        | Found a stormy altar of Qazlal.
    70 | D        | Found a hide-covered altar of Uskayaw.
    70 | D        | Found a blossoming altar of Fedhas.
    70 | D        | Found a bloodstained altar of Trog.
    70 | D        | Found an iron altar of Okawaru.
    70 | D        | Found a basalt altar of Yredelemnul.
    70 | D        | Found a glowing golden altar of the Shining One.
    70 | D        | Found a snail-covered altar of Cheibriados.
    70 | D        | Found a sacrificial altar of Ru.
    70 | D        | Found a glowing silver altar of Zin.
    70 | D        | Found a shadowy altar of Dithmenos.
    70 | D        | Found a white marble altar of Elyvilon.
    70 | D        | Noticed a yak
    71 | D        | Found an opulent altar of Gozag.
    72 | D        | Killed a yak
    73 | D        | Reached skill level 15 in Stealth
    73 | D        | Found a sparkling altar of Nemelex Xobeh.
    79 | D        | Became a worshipper of Zin the Law-Giver
    79 | D        | Reached * piety under Zin
    79 | D        | Reached ** piety under Zin
    79 | D        | Reached *** piety under Zin
    79 | D        | Reached **** piety under Zin
    79 | D        | Reached ***** piety under Zin
    79 | D        | Reached ****** piety under Zin
    88 | D        | Noticed Sonja
    92 | D        | Killed Sonja
    93 | D        | Reached skill level 10 in Dodging
    93 | D        | Reached skill level 17 in Stealth
    93 | D        | Reached XP level 7. HP: 41/41 MP: 8/8
   112 | D        | Found Citziwn's Antique Weapon Boutique.
   122 | D        | Noticed a glass eye
   122 | D        | Noticed a shining eye
   122 | D        | Noticed a shining eye
   122 | D        | Noticed a glass eye
   122 | D        | Noticed a shining eye
   122 | D        | Noticed a shining eye
   122 | D        | Noticed a shining eye
   122 | D        | Noticed a shining eye
   123 | D        | Noticed a glass eye
   124 | D        | Killed a glass eye
   125 | D        | Reached skill level 18 in Stealth
   125 | D        | Reached XP level 8. HP: 45/45 MP: 9/9
   125 | D        | Noticed a glass eye
   125 | D        | Noticed a shining eye
   125 | D        | Noticed a shining eye
   126 | D        | Killed a shining eye
   127 | D        | Reached skill level 19 in Stealth
   130 | D        | Killed a glass eye
   131 | D        | Reached skill level 10 in Short Blades
   132 | D        | Killed a shining eye
   133 | D        | Reached skill level 20 in Stealth
   133 | D        | Reached XP level 9. HP: 51/51 MP: 10/10
   138 | D        | Killed a shining eye
   139 | D        | Killed a shining eye
   140 | D        | Reached skill level 21 in Stealth
   144 | D        | Killed a shining eye
   195 | D        | Killed a shining eye
   196 | D        | Reached skill level 22 in Stealth
   214 | D        | Reached XP level 10. HP: 58/58 MP: 11/11
   229 | D        | Killed a shining eye
   258 | D        | Killed a shining eye
   259 | D        | Reached skill level 23 in Stealth
   270 | D        | Found Giutir's Jewellery Shop.
   270 | D        | Found Belyib's Distillery.
   270 | D        | Found Oniom's Magic Scroll Boutique.
   270 | D        | Found Wysogg's Distillery.
   309 | D        | Fell from the grace of Zin
   309 | D        | Became a worshipper of Gozag Ym Sagoz the Greedy
   426 | D        | Noticed a deep troll
   430 | D        | Killed a deep troll
   441 | D        | Found Qyveifut's Armour Emporium.
   462 | D        | Noticed a centaur warrior
   464 | D        | Noticed a centaur warrior
   466 | D        | Killed a centaur warrior
   467 | D        | Reached skill level 24 in Stealth
   467 | D        | Killed a centaur warrior
   468 | D        | Reached skill level 10 in Fighting
   468 | D        | Reached skill level 15 in Dodging
   496 | D        | Noticed an oklob plant
   650 | D        | Killed an oklob plant
   677 | D        | Reached skill level 25 in Stealth
   734 | D        | Reached XP level 11. HP: 64/64 MP: 12/12
   902 | D        | Found Joakhoec's Antique Armour Boutique.
   902 | D        | Found Vaephar's Distillery.
   902 | D        | Found Fann's Assorted Antiques.
   904 | D        | Found Ysir's General Store.
   904 | D        | Found Zuhil's General Store.
   904 | D        | Found Uxudax's General Store.
   904 | D        | Found Pacashe's Distillery.
   904 | D        | Found Heiwk's Assorted Antiques.
   904 | D        | Found Decwouva's Distillery.
   904 | D        | Found Esuy's Armour Shop.
   908 | D        | Bought a scroll labelled USKEICH TUIKAN for 18 gold pieces
   908 | D        | Bought a scroll labelled QIGANE QEUNT for 18 gold pieces
   908 | D        | Bought a purple potion for 16 gold pieces
   908 | D        | Bought a scroll labelled ZEQAIVAANU for 18 gold pieces
   908 | D        | Bought a smoky green potion for 16 gold pieces
   908 | D        | Bought a bronze wand for 72 gold pieces
   908 | D        | Bought a scroll labelled PAHO ZUEPACO for 18 gold pieces
   908 | D        | Found Dewem's Distillery.
   909 | D        | Found Goduxzeu's Assorted Antiques.
   909 | D        | Found Tiomaemulu's Distillery.
   910 | D        | Found Morhiar's Armour Shop.
   913 | D        | Bought an amethyst potion for 18 gold pieces
   913 | D        | Bought a scroll labelled LAABBAOWIME for 21 gold pieces
   913 | D        | Bought a scroll labelled USKEICH TUIKAN for 21 gold pieces
   913 | D        | Bought a scroll labelled FATUKL QETOCIM for 21 gold pieces
   913 | D        | Bought a coppery potion for 18 gold pieces
   917 | D        | Bought a scroll labelled RYR TAADYX WITHRO for 29 gold
                  | pieces
   917 | D        | Bought a scroll labelled USKEICH TUIKAN for 29 gold pieces
   917 | D        | Bought a sedimented orange potion for 26 gold pieces
   917 | D        | Bought a scroll labelled ODUDOGRE KOPOGO for 29 gold pieces
   926 | D        | Bought a scroll of identify for 28 gold pieces
  1004 | D        | Bought 2 scrolls of identify for 44 gold pieces
  1032 | D        | Bought a scroll of identify for 24 gold pieces
  1032 | D        | Bought a scroll of identify for 24 gold pieces
  1068 | D        | Bought a potion of might for 44 gold pieces
  1068 | D        | Bought a potion of mutation for 88 gold pieces
  1068 | D        | Bought a potion of mutation for 88 gold pieces
  1068 | D        | Bought a potion of curing for 33 gold pieces
  1068 | D        | Bought a potion of might for 44 gold pieces
  1068 | D        | Bought a potion of invisibility for 88 gold pieces
  1071 | D        | Bought a potion of haste for 100 gold pieces
  1071 | D        | Bought a potion of enlightenment for 50 gold pieces
  1071 | D        | Bought a potion of enlightenment for 50 gold pieces
  1071 | D        | Bought a potion of enlightenment for 50 gold pieces
  1071 | D        | Bought a potion of haste for 100 gold pieces
  1071 | D        | Bought a potion of mutation for 80 gold pieces
  1071 | D        | Bought a potion of haste for 100 gold pieces
  1078 | D        | Bought a scroll of enchant weapon for 90 gold pieces
  1078 | D        | Bought a scroll of brand weapon for 114 gold pieces
  1078 | D        | Bought a scroll of enchant armour for 90 gold pieces
  1078 | D        | Bought a scroll of amnesia for 48 gold pieces
  1078 | D        | Bought a scroll of enchant armour for 90 gold pieces
  1121 | D        | Found a burning altar of Makhleb.
  1121 | D        | Found a viscous altar of Jiyva.
  1121 | D        | Found a shimmering altar of Xom.
  1121 | D        | Found a corrupted altar of Lugonu.
  1195 | D        | Noticed a sun demon
  1199 | D        | Noticed a sixfirhy
  1205 | D        | Reached skill level 26 in Stealth
  1224 | D        | Noticed a demonic crawler
  1224 | D        | Noticed a demonic crawler
  1224 | D        | Noticed a demonic crawler
  1224 | D        | Noticed a demonic crawler
  1226 | D        | Killed a demonic crawler
  1227 | D        | Killed a demonic crawler
  1402 | D        | Killed a demonic crawler
  1613 | D        | Killed a demonic crawler
  1614 | D        | Reached skill level 27 in Stealth
  1644 | D        | Noticed a lindwurm
  1646 | D        | Killed a lindwurm
  1660 | D        | Reached skill level 1 in Shapeshifting
  1689 | D        | Reached skill level 15 in Short Blades
  1783 | D        | Noticed a 12-headed hydra
  1785 | D        | Killed a 12-headed hydra
  1786 | D        | Reached skill level 5 in Shapeshifting
  1866 | D        | Bought the +7 hand cannon "Mule" {flame, backblast, rF+}
                  | for 608 gold pieces
  1866 | D        | Found the +7 hand cannon "Mule" {flame, backblast, rF+}
  2005 | D        | Found the necklace of Bloodlust {Fury *Rage Will++ Int-3
                  | Slay+6}
  2005 | D        | Noticed a shadow dragon
  2005 | D        | Noticed a golden dragon
  2007 | D        | Killed a golden dragon
  2008 | D        | Reached XP level 12. HP: 72/72 MP: 13/13
  2008 | D        | Killed a shadow dragon
  2016 | D        | Got the Volume of Scintillating Bones
  2085 | D        | Found Okeud's Magic Scroll Shoppe.
  2098 | D        | Identified the ring of Pietekaw {Fly rF+ rC++ rCorr Int-2}
  2106 | D        | Bought a scroll of enchant armour for 105 gold pieces
  2106 | D        | Bought a scroll of enchant weapon for 105 gold pieces
  2106 | D        | Bought a scroll of identify for 28 gold pieces
  2106 | D        | Bought a scroll of brand weapon for 133 gold pieces
  2214 | D        | Bought a potion of heal wounds for 55 gold pieces
  2256 | D        | Bought a ring of poison resistance for 280 gold pieces
  2256 | D        | Bought the amulet of Vitality {RegenMP++ Regen++} for 1400
                  | gold pieces
  2256 | D        | Found the amulet of Vitality {RegenMP++ Regen++}
  2335 | D        | Bought a potion of ambrosia for 96 gold pieces
  2335 | D        | Bought a potion of might for 48 gold pieces
  2335 | D        | Bought a potion of heal wounds for 60 gold pieces
  2335 | D        | Bought a potion of heal wounds for 60 gold pieces
  2335 | D        | Bought a potion of curing for 36 gold pieces
  2335 | D        | Bought 2 potions of might for 96 gold pieces
  2335 | D        | Bought a potion of mutation for 96 gold pieces
  2336 | D        | Bought a glowing robe for 70 gold pieces
  2339 | D        | Bought a wand of mindburst (5) for 98 gold pieces
  2340 | D        | Bought a potion of cancellation for 112 gold pieces
  2341 | D        | Bought a potion of heal wounds for 50 gold pieces
  2341 | D        | Bought a potion of might for 40 gold pieces
  2341 | D        | Bought a potion of invisibility for 80 gold pieces
  2341 | D        | Bought a potion of curing for 30 gold pieces
  2341 | D        | Bought a potion of curing for 30 gold pieces
  2343 | D        | Bought a potion of resistance for 110 gold pieces
  2343 | D        | Bought a potion of cancellation for 88 gold pieces
  2343 | D        | Bought a potion of cancellation for 88 gold pieces
  2343 | D        | Bought 2 potions of curing for 66 gold pieces
  2343 | D        | Bought a potion of mutation for 88 gold pieces
  2345 | D        | Bought a potion of curing for 30 gold pieces
  2345 | D        | Bought a potion of haste for 100 gold pieces
  2345 | D        | Bought a potion of heal wounds for 50 gold pieces
  2345 | D        | Bought a potion of haste for 100 gold pieces
  2347 | D        | Bought a potion of mutation for 104 gold pieces
  2347 | D        | Bought a potion of might for 52 gold pieces
  2347 | D        | Bought a potion of heal wounds for 65 gold pieces
  2347 | D        | Bought a potion of curing for 39 gold pieces
  2347 | D        | Bought a potion of curing for 39 gold pieces
  2439 | D        | Noticed a lorocyproca
  2482 | D        | Killed a lorocyproca
  2521 | D        | Identified the +7 short sword of Tortured Cruel Justice
                  | {venom, rF+}
  2671 | D        | Noticed a daeva
  2740 | D        | Noticed a fire giant
  2747 | D        | Noticed a fire giant
  2748 | D        | Noticed a fire giant
  2749 | D        | Noticed a fire giant
  2794 | D        | Killed a fire giant
  2797 | D        | Killed a fire giant
  2804 | D        | Mangled by a fire giant

Illustrated notes

Levels and vault maps discovered:
D:        dungeon_sprint_1 [red_sonja_temple_1, red_sonja_temple_small_1]

Skill      XL: |  1  2  3  4  5  6  7  8  9 10 11 12 |
---------------+-------------------------------------+-----
Fighting       | 2 3 4 5 6 8 9 10 12 13 | 13.3
Short Blades   | 3 4 6 8 9 10 11 13 15 16 | 16.9
Dodging        | 3 5 7 10 12 13 15 18 19 | 19.7
Stealth        | 8 10 13 17 18 20 22 25 27 | 27.0
Shapeshifting  | 6 9 |  9.7
Throwing       | |  2.0

Action                     |  1- 3 |  4- 6 |  7- 9 | 10-12 || total
---------------------------+-------+-------+-------+-------++-------
  Melee: Dagger            |     3 |     4 |    68 |   405 ||   480
         Punch             |       |       |       |    10 ||    10
         Short sword       |       |       |       |    58 ||    58
  Evoke: Wand              |     1 |       |       |     1 ||     2
    Use: Scroll            |       |       |       |    12 ||    12
         Potion            |       |       |       |     8 ||     8
   Stab: Sleeping          |     1 |     4 |     7 |    28 ||    40
         Distracted        |       |       |       |     7 ||     7
 Armour: Robe              |       |       |       |    48 ||    48
  Dodge: Dodged            |     1 |       |       |   270 ||   271
